 Dungeon Crawl Stone Soup version 0.28-a0-1114-g8eb0198dcf (webtiles) character file.

Game seed: 7392658819847216526

65 BinkBink the Skirmisher (level 3, -2/29 HPs)
             Began as a Demonspawn Chaos Knight on Dec 11, 2021.
             Was a Plaything of Xom.
             Killed by divine providence
             ... invoked by an orc priest
              (15 damage)
             ... on level 3 of the Dungeon.
             The game lasted 00:02:49 (2233 turns).

BinkBink the Skirmisher (Demonspawn Chaos Knight)   Turns: 2233, Time: 00:02:50

Health: -2/29      AC:  5    Str: 12    XL:     3   Next: 94%
Magic:  3/3        EV: 11    Int: 13    God:    Xom [......]
Gold:   97         SH:  0    Dex: 14    Spells: 2/2 levels left

rFire   . . .      SeeInvis .   a - +0 falchion (chaos)
rCold   . . .      Faith    +   (no shield)
rNeg    . . .      Spirit   .   b - +2 leather armour
rPois   .          Reflect  .   (helmet restricted)
rElec   .          Harm     .   (no cloak)
rCorr   +          Rampage  .   (no gloves)
Will    +....                   (no boots)
Stlth   +.........              f - amulet of faith
HPRegen 0.09/turn               j - ring of resist corrosion
MPRegen 0.08/turn               (no ring)

@: no status effects
A: horns 1, strong-willed 1, mutation resistance 1, sense surroundings 1
a: Renounce Religion


You were on level 3 of the Dungeon.
You worshipped Xom.
You were a very special plaything of Xom.
You visited 1 branch of the dungeon, and saw 3 of its levels.

You collected 97 gold pieces.

Inventory:

Hand Weapons
 a - a +0 falchion of chaos (weapon)
 g - a +0 long sword
Missiles
 m - a throwing net (quivered)
Armour
 b - a +2 leather armour (worn)
Jewellery
 f - an amulet of faith (around neck)
 j - a ring of resist corrosion (left hand)
Wands
 q - a wand of flame (12)
Scrolls
 c - 2 scrolls of vulnerability {unknown}
 e - 2 scrolls of teleportation {unknown}
 h - a scroll of noise {unknown}
 i - a scroll of acquirement {unknown}
 l - a scroll of amnesia {unknown}
 n - a scroll of magic mapping {unknown}
 o - a scroll of enchant weapon {unknown}
 p - a scroll of identify {unknown}


   Skills:
 + Level 3.5 Fighting
 + Level 3.5 Long Blades
 + Level 2.1 Armour
 + Level 1.3 Dodging
 + Level 0.3 Stealth


You had 2 spell levels left.
You didn't know any spells.
Your spell library contained the following spells:

 Spells                   Type           Power      Damage    Failure   Level
 Summon Small Mammal      Summ           0%         N/A       36%         1
 Call Canine Familiar     Summ           0%         N/A       75%         3
 Summon Guardian Golem    Hex/Summ       0%         N/A       75%         3


Dungeon Overview and Level Annotations

Branches:
Dungeon (3/15)

Altars:


Innate Abilities, Weirdness & Mutations

You have a pair of small horns on your head.
You are strong-willed. (Will+)
You are somewhat resistant to further mutation.
You passively map a small area around you.


Message History

A rat and an orc come into view.
The orc priest shouts!
The orc priest looks encouraged for a moment.
You barely miss the orc. The orc hits you but does no damage.
You hit the orc.
The orc resists with significant effort.
You headbutt the orc.
The orc is almost dead.
The orc hits you but does no damage.
You barely miss the orc.
The orc is almost dead.
Xom titters.
You are confused.
You are now a very special plaything of Xom.
The orc hits you with a +0 club.
The orc priest calls down the wrath of Beogh upon you.
Beogh smites you!
You are too injured to fight recklessly!
You are too injured to fight recklessly!
You are too injured to fight recklessly!
You closely miss the orc.
The orc is almost dead.
The orc barely misses you.
You bump into the rock wall.
The orc closely misses you.
It was a potion of flight.
You feel very buoyant.
You fly up into the air.
You feel less confused. The orc barely misses you.
It was a potion of cancellation.
Your magical effects are unravelling.
You feel magically purged.
You float gracefully downwards.
The orc hits you but does no damage.
The orc priest invokes the aid of Beogh against you.
You resist with significant effort.
The orc priest invokes the aid of Beogh against you.
Beogh smites you!
Ouch! That really hurt!
You die...
Xom cackles wildly!

############
#.......o..#
#.##.#.###.#
#.##.#.###.# ** ###
#.#o.ooo##.###.....
#.#o.#.......o.o..#
*#.@....###.###.##..
#...........# ,*
#.##.##.##.## * #.
#.##.##.# , #
*#....##.# * ***
#.##.##.##.#,, ,
#..........#, , *
#.......### , , ##
#.####..# * ..


You could see an orc priest and 4 orcs.

Vanquished Creatures
  A gnoll (D:1)
  An adder (D:2)
  A worm (D:2)
  A dart slug (D:3)
  4 endoplasms
  3 giant cockroaches
  3 goblins
  4 hobgoblins
  5 quokkas
  3 ball pythons
  6 bats
  2 frilled lizards
  A kobold (D:3)
  3 rats
38 creatures vanquished.

Notes
Turn   | Place    | Note
-------+----------+-------------------------------------------
     0 | D:1      | BinkBink the Demonspawn Chaos Knight began the quest for
                  | the Orb.
     0 | D:1      | Reached XP level 1. HP: 18/18 MP: 1/1
   380 | D:1      | XOM: silly message
   397 | D:1      | Gained mutation: You have a pair of small horns on your
                  | head. [demonic ancestry]
   397 | D:1      | Reached XP level 2. HP: 24/24 MP: 2/2
   513 | D:1      | XOM: divination: detect items
   605 | D:1      | XOM: noise
   611 | D:1      | Reached skill level 1 in Dodging
   777 | D:1      | Reached XP level 3. HP: 29/29 MP: 3/3
  1004 | D:2      | XOM: god gift: 39 gold pieces
  1258 | D:2      | XOM: divination: detect creatures
  1840 | D:3      | XOM: god gift: bone wand {god gift}
  2067 | D:3      | XOM: give mutations
  2067 | D:3      | Gained mutation: You are somewhat resistant to further
                  | mutation. [Xom's grace]
  2067 | D:3      | Gained mutation: You passively map a small area around you.
                  | [Xom's grace]
  2067 | D:3      | Gained mutation: You are strong-willed. (Will+) [Xom's
                  | grace]
  2216 | D:3      | XOM: confusion
  2233 | D:3      | Killed from afar by an orc priest

Illustrated notes

Levels and vault maps discovered:
D:1:      scummos_arrival_star, layout_rooms
D:2:      layout_loops_ring
D:3:      layout_loops_cross, lemuel_coloured_pillars_altar

Skill      XL: |  1  2  3 |
---------------+----------+-----
Long Blades    | 3 |  3.5
Dodging        | 1 |  1.3
Armour         | 2 |  2.1
Fighting       | |  3.5
Stealth        | |  0.3

Action                   || total
-------------------------++-------
Melee: Falchion          ||   121
       Headbutt          ||    12
  Use: Potion            ||     2
 Stab: Sleeping          ||     1
       Paralysed         ||     1
Armor: Leather armour    ||    55
Dodge: Dodged            ||    53

Table legend: (Time is in decaauts)
 A = Elapsed time spent in this place.
 B = Non-inter-level travel time spent in this place.
 C = Inter-level travel time spent in this place.
 D = Time resting spent in this place.
 E = Time spent auto-exploring this place.
 F = Levels seen in this place.
 G = Mean time per level.
                   A        B        C        D        E       F      G
               +--------+--------+--------+--------+--------+-----+--------+
         Total |   2249 |   2205 |     44 |      0 |   1856 |   3 |  749.7 |
       Dungeon |   2249 |   2205 |     44 |      0 |   1856 |   3 |  749.7 |
               +--------+--------+--------+--------+--------+-----+--------+

Top non-repeatable levels by time:
     D:1: 873 daAuts
     D:2: 779 daAuts
     D:3: 597 daAuts
